 Dungeon Crawl Stone Soup version 0.23-a0-582-g1b4a0ca (webtiles) character file.

1 Firecrotchwizard the Caller (level 1, -1/13 HPs)
             Began as a Merfolk Summoner on Dec 17, 2018.
             Slain by a dart slug (2 damage)
             ... on level 1 of the Dungeon.
             The game lasted 00:00:28 (48 turns).

Firecrotchwizard the Caller (Merfolk Summoner)        Turns: 48, Time: 00:00:28

Health: -1/13      AC:  2    Str:  8    XL:     1   Next: 20%
Magic:  1/3        EV: 13    Int: 14    God:
Gold:   11         SH:  0    Dex: 14    Spells: 3/4 levels left

rFire    . . .     SeeInvis .   (no weapon)
rCold    . . .     Gourm    .   (no shield)
rNeg     . . .     Faith    .   a - +0 robe
rPois    .         Spirit   .   (no helmet)
rElec    .         Reflect  .   (no cloak)
rCorr    .         Harm     .   (no gloves)
MR       .....                  (no boots)
Stlth    ++........             (no amulet)
HPRegen  0.04/turn              (no ring)
MPRegen  0.08/turn              (no ring)

@: no status effects
A: change form in water, swift swim, stealthy swim
a: no special abilities


You were on level 1 of the Dungeon.
You were not hungry.

You visited 1 branch of the dungeon, and saw 1 of its levels.

You collected 11 gold pieces.

Inventory:

Armour
 a - a +0 robe (worn)
Comestibles
 b - 2 chunks of flesh {@w0}
 c - a ration


   Skills:
 + Level 2.7 Dodging
 - Level 2.1 Stealth
 + Level 2.0 Spellcasting
 + Level 4.0 Summonings


You had 3 spell levels left.
You knew the following spells:

 Your Spells              Type           Power        Failure   Level  Hunger
a - Summon Small Mammal   Summ           ##..         4%          1    ##.....

Your spell library contained the following spells:

 Spells                   Type           Power        Failure   Level  Hunger
 Call Imp                 Summ           ##......     7%          2    ###....
 Call Canine Familiar     Summ           ##......     14%         3    ####...
 Summon Guardian Golem    Hex/Summ       #.......     30%         3    ####...
 Summon Ice Beast         Ice/Summ       #.......     71%         4    #####..
 Summon Lightning Spire   Summ/Air       #.......     71%         4    #####..


Dungeon Overview and Level Annotations

Branches:
Dungeon (1/15)

Altars:


Message History

Welcome, Firecrotchwizard the Merfolk Summoner.
The bosom of this dungeon contains the fabled artefact, the Orb of Zot.
Found a plate armour.
Found a staircase leading out of the dungeon.
Found a stone staircase leading down.
You see here a plate armour.
A giant cockroach comes into view.
You closely miss the giant cockroach. The giant cockroach bites you.
You take 1 damage, and have 12/13 hp.
You hit the giant cockroach but do no damage.
The giant cockroach closely misses you.
You closely miss the giant cockroach.
The giant cockroach bites you but does no damage.
You closely miss the giant cockroach.
The giant cockroach bites you but does no damage.
The giant cockroach closely misses you. The giant cockroach barely misses you.
You now have 2/3 mp.
You hit the giant cockroach but do no damage.
The giant cockroach misses you.
Your rat barely misses the giant cockroach.
You hit the giant cockroach but do no damage.
The giant cockroach bites you.
Your rat bites the giant cockroach.
You take 1 damage, and have 11/13 hp.
You hit the giant cockroach but do no damage.
The giant cockroach closely misses you.
Your rat bites the giant cockroach but does no damage.
You barely miss the giant cockroach. The giant cockroach barely misses you.
Your rat closely misses the giant cockroach.
You hit the giant cockroach. The giant cockroach misses you.
The giant cockroach closely misses you.
Your rat completely misses the giant cockroach.
You hit the giant cockroach but do no damage.
The giant cockroach misses you.
Your rat closely misses the giant cockroach.
You barely miss the giant cockroach. The giant cockroach misses you.
Your rat closely misses the giant cockroach.
You hit the giant cockroach. The giant cockroach barely misses you.
Your rat bites the giant cockroach.
The giant cockroach dies!
No target in view!
You now have 11 gold pieces.
You butcher the giant cockroach corpse.
b - 2 chunks of flesh {@w0} You see here a ring mail.
A rat comes into view.
MP restored: 3 A dart slug comes into view.
A frilled lizard and a bat come into view.
A dart slug comes into view.
The dart slug launches a dart at you. The slug dart misses you.
You closely miss the bat. The bat hits you.
You take 1 damage, and have 11/13 hp.
The frilled lizard hisses angrily.
The bat completely misses you.
Your rat bites the bat but does no damage.
The rat barely misses you.
A leopard gecko comes into view.
The bat hits you but does no damage. The rat bites you but does no damage.
The bat barely misses you.
Your rat bites the bat.
You now have 2/3 mp.
You hit the bat. The bat misses you.
Your bat closely misses the rat.
The rat closely misses you.
You hit the bat.
You kill the bat!
Your rat disappears in a puff of smoke!
Your bat hits the rat. The rat bites your bat.
Your bat dies!
Your bat's corpse disappears in a puff of smoke!
You barely miss the rat. The rat bites you.
You take 2 damage, and have 9/13 hp.
You closely miss the rat. The frilled lizard bites you.
The rat barely misses you.
You take 2 damage, and have 7/13 hp.
You are too injured to fight recklessly!
The frilled lizard bites you. The dart slug launches a dart at you.
The slug dart hits you!
* * * LOW HITPOINT WARNING * * *
The rat closely misses you.
You take 6 damage, and have 1/13 hp.
MASSIVE DAMAGE!!
You now have 1/3 mp.
You are too injured to fight recklessly!
You hit the dart slug but do no damage.
Your bat hits the dart slug but does no damage.
The frilled lizard barely misses you. The rat barely misses you.
You hit the dart slug but do no damage.
Your bat hits the dart slug but does no damage.
The frilled lizard completely misses you.
The dart slug bites you.
You die...

..####...... ##...###..
....$......#####.#####.
....... #..............
.......###....[.........
................##......
....##..........##.####.
.................#..
.................#...
.....bw@#........#....
......lr#....#.###.....
.......l#...............
........................
................w.
...........).....
.........#......
.........#


You could see a dart slug, a leopard gecko, a frilled lizard, a rat and a
friendly bat.

Vanquished Creatures
  A bat (D:1)
1 creature vanquished.

Vanquished Creatures (collateral kills)
  A giant cockroach (D:1)
1 creature vanquished.

Grand Total: 2 creatures vanquished

Notes
Turn   | Place    | Note
-------+----------+-------------------------------------------
     0 | D:1      | Firecrotchwizard the Merfolk Summoner began the quest for
                  | the Orb.
     0 | D:1      | Reached XP level 1. HP: 13/13 MP: 3/3
    46 | D:1      | HP: 1/13 [dart slug/slug dart (5)]
    48 | D:1      | Slain by a dart slug

Vault maps used:
D:1:      onia_arrival_pyramid, chequers_serial_rivers_small_3, minmay_cut_off

Action                   || total
-------------------------++-------
Melee: Unarmed           ||    19
 Cast: Summon Small Mamm ||     3
Armor: Robe              ||     4
Dodge: Dodged            ||    22

Table legend:
 A = Non-vault XP
 B = Vault XP
 C = Vault XP percentage of total XP
 D = Non-vault monster count
 E = Vault monster count
 F = Vault count percentage of total count
                 A         B        C        D         E       F
            +---------+---------+-------+---------+---------+-------
      Total |       2 |       0 |   0.0 |       2 |       0 |   0.0
            +---------+---------+-------+---------+---------+-------
        D:1 |       2 |       0 |   0.0 |       2 |       0 |   0.0
            +---------+---------+-------+---------+---------+-------

Vault maps used:
D:1:      onia_arrival_pyramid, chequers_serial_rivers_small_3, minmay_cut_off

Table legend:
 A = Turns spent in this place as a percentage of turns spent in the entire game.
 B = Non-inter-level travel turns spent in this place as a percentage of non-inter-level travel turns spent in the entire game.
 C = Inter-level travel turns spent in this place as a percentage of turns spent in this place.
 D = Turns resting spent in this place as a percentage of non-inter-level travel turns spent in this place.
 E = Turns spent auto-exploring this place as a percentage of non-inter-level travel turns spent in this place.
 F = Non-inter-level travel turns spent in this place divided by the number of levels of this place that you've seen.
                   A       B       C       D       E      F
               +-------+-------+-------+-------+-------+----------------------
         Total | 100.0 | 100.0 |   0.0 |   0.0 |  33.3 |  48.0
       Dungeon | 100.0 | 100.0 |   0.0 |   0.0 |  33.3 |  48.0
               +-------+-------+-------+-------+-------+----------------------

Table legend:
 A = Kills in this place as a percentage of kills in entire the game.
 B = Kills by you in this place as a percentage of kills by you in the entire game.
 C = Kills by friends in this place as a percentage of kills by friends in the entire game.
 D = Other kills in this place as a percentage of other kills in the entire game.
 E = Experience gained in this place as a percentage of experience gained in the entire game.
 F = Experience gained in this place divided by the number of levels of this place that you have seen.
                   A       B       C       D       E      F
               +-------+-------+-------+-------+-------+----------------------
         Total | 100.0 | 100.0 | 100.0 |   N/A | 100.0 |   2.0
       Dungeon | 100.0 | 100.0 | 100.0 |   N/A | 100.0 |   2.0
               +-------+-------+-------+-------+-------+----------------------
